 Dungeon Crawl Stone Soup version 0.29-a0-857-g9b1aa3ac5b (webtiles) character file.

Game seed: 5404453551469027780

142 xian the Magician (level 5, -14/36 HPs)
             Began as a Demonspawn Hedge Wizard on July 17, 2022.
             Killed by divine providence
             ... invoked by an orc priest
              (16 damage)
             ... on level 3 of the Dungeon.
             The game lasted 00:06:29 (3462 turns).

xian the Magician (Demonspawn Hedge Wizard)         Turns: 3462, Time: 00:06:30

Health: -14/36     AC:  2    Str: 12    XL:     5   Next: 3%
Magic:  5/11       EV: 14    Int: 16    God:
Gold:   171        SH:  3    Dex: 12    Spells: 6/12 levels left

rFire   . . .      SeeInvis .   q - staff of conjuration
rCold   . . .      Faith    .   g - +0 buckler
rNeg    . . .      Spirit   .   b - +0 robe
rPois   .          Reflect  .   c - +0 hat
rElec   .          Harm     .   (no cloak)
rCorr   .          Rampage  .   (no gloves)
Will    .....                   (no boots)
Stlth   ++........              (no amulet)
HPRegen 0.12/turn               (no ring)
MPRegen 0.12/turn               (no ring)

@: no status effects
A: repulsion field 2, demonic guardian 1, powered by death 1
a: no special abilities


You were on level 3 of the Dungeon.
You visited 1 branch of the dungeon, and saw 3 of its levels.

You collected 171 gold pieces.

Inventory:

Hand Weapons
 s - a +1 war axe of flaming
Missiles
 i - 7 poisoned darts
Armour
 b - a +0 robe (worn)
 c - a +0 hat (worn)
 g - a +0 buckler (worn)
Magical Staves
 q - a staff of conjuration (weapon)
Jewellery
 o - a ring of wizardry
Wands
 n - a wand of paralysis (2)
Scrolls
 e - 2 scrolls of identify
 k - a scroll of silence {unknown}
 l - a scroll of blinking
 r - a scroll of teleportation
Potions
 a - a potion of might
 d - a potion of magic
 f - 2 potions of mutation
 h - 2 potions of heal wounds {unknown}
 j - a potion of curing
 p - 3 potions of flight {unknown}


   Skills:
 + Level 0.8 Fighting
 + Level 0.7 Short Blades
 + Level 0.9 Staves
 + Level 2.1 Dodging
 + Level 1.9 Stealth
 + Level 4.2 Spellcasting
 + Level 2.3 Conjurations
 + Level 1.0 Summonings
 + Level 0.8 Translocations


You had 6 spell levels left.
You knew the following spells:

 Your Spells              Type           Power      Damage    Failure   Level
a - Magic Dart            Conj           64%        1d6       9%          1
b - Slow                  Hex            12%        N/A       22%         1
c - Call Imp              Summ           6%         N/A       22%         2
d - Blink                 Tloc           12%        N/A       24%         2

Your spell library contained the following spells:

 Spells                   Type           Power      Damage    Failure   Level
 Conjure Flame            Conj/Fire      10%        6-21      38%         3
 Mephitic Cloud           Conj/Pois/Air  8%         N/A       43%         3


Dungeon Overview and Level Annotations

Branches:
Dungeon (3/15)

Altars:
Ru


Innate Abilities, Weirdness & Mutations

You are surrounded by a moderate repulsion field. (EV +3)
A weak demonic guardian rushes to your aid.
You regenerate a little health from kills.


Message History

You hit the orc.
The orc is almost dead.
The orc priest casts a cantrip, but nothing happens.
The orc barely misses you.
The orc priest hits you with a +0 short sword.
The orc attacks as you move away! The orc barely misses you.
The orc priest calls down the wrath of Beogh upon you.
Beogh smites you!
* * * LOW HITPOINT WARNING * * *
The orc priest calls down the wrath of Beogh upon you.
Pain shoots through your body!
* * * LOW HITPOINT WARNING * * *
A demonic guardian appears!
The orc attacks as you move away! The orc misses you.
The orc attacks as you move away! The orc barely misses you.
The orc priest closely misses something.
You feel better. The orc closely misses you.
The orc priest looks encouraged for a moment.
Your shadow imp barely misses the orc priest.
Aiming: Magic Dart (safe; 9% risk of failure)
Press: ? - help, Q - select action, (/) - cycle Shift-Dir - straight line, f - orc, p - orc
Aim: an orc, wielding a +0 dagger and wearing a +0 scale mail (moderately wounded, 100% to hit)
You feel a surge of power!
The magic dart hits the orc but does no damage.
The orc is moderately wounded.
The orc hits you but does no damage.
The orc priest invokes the aid of Beogh against you.
Beogh smites you!
* * * LOW HITPOINT WARNING * * *
A demonic guardian appears!
Your shadow imp barely misses the orc priest.
You swap places.
The orc hits your iron imp with a +0 dagger.
Your shadow imp closely misses the orc priest.
The orc hits your iron imp but does no damage.
Your iron imp hits the orc.
Your shadow imp hits the orc priest.
The orc hits your iron imp but does no damage.
The orc priest invokes the aid of Beogh against you.
Beogh smites you!
You die...

#.....................#.#.
##......5......####...#.#.
##.....#oo<..## #.###.##
#######o##...#####. #.#
#o###......##..... #5#
##.##..# #... #.#
##....###....
#.###......#.##.##
##########@##.....#..# #
#....................# #
#....................# #
####....................# .##
#............<..........# ...
#.##..............<.....# ...
#.................)....>###.#.
#.......≈.........>...........
##..##..≈._...................


You could see 2 orc priests, 2 orcs, a friendly iron imp (summoned) and a
friendly shadow imp (summoned).

Vanquished Creatures
  A hound (D:2)
  2 adders
  2 worms
  5 orcs (D:3)
  6 ball pythons
  4 bats
  4 endoplasms
  3 goblins
  4 hobgoblins
  3 jackals
  A quokka (D:3)
  3 frilled lizards
  3 kobolds
  6 rats
47 creatures vanquished.

Vanquished Creatures (collateral kills)
  An orc priest (D:3)
  A worm (D:3)
  A jackal (D:1)
3 creatures vanquished.

Grand Total: 50 creatures vanquished

Notes
Turn   | Place    | Note
-------+----------+-------------------------------------------
     0 | D:1      | xian the Demonspawn Hedge Wizard began the quest for the
                  | Orb.
     0 | D:1      | Reached XP level 1. HP: 13/13 MP: 4/4
   207 | D:1      | Gained mutation: A weak demonic guardian rushes to your
                  | aid. [demonic ancestry]
   207 | D:1      | Reached XP level 2. HP: 19/19 MP: 1/6
   455 | D:1      | Found a faded altar of an unknown god.
  1272 | D:2      | Gained mutation: You are surrounded by a mild repulsion
                  | field. (EV +2) [demonic ancestry]
  1272 | D:2      | Reached XP level 3. HP: 5/24 MP: 1/8
  1275 | D:2      | HP: 1/24 [poisoned by an adder]
  1874 | D:2      | Reached skill level 4 in Spellcasting
  1874 | D:2      | Gained mutation: You regenerate a little health from kills.
                  | [demonic ancestry]
  1874 | D:2      | Reached XP level 4. HP: 17/31 MP: 1/10
  2368 | D:3      | HP: 1/31 [worm (9)]
  2894 | D:3      | Learned a level 1 spell: Slow
  2897 | D:3      | Learned a level 2 spell: Call Imp
  2900 | D:3      | Learned a level 2 spell: Blink
  3018 | D:3      | Found a sacrificial altar of Ru.
  3118 | D:3      | Gained mutation: You are surrounded by a moderate repulsion
                  | field. (EV +3) [demonic ancestry]
  3118 | D:3      | Reached XP level 5. HP: 3/36 MP: 5/11
  3462 | D:3      | Killed from afar by an orc priest

Illustrated notes

Levels and vault maps discovered:
D:1:      doesnt_arrival_eight_statues, layout_rooms,
          ebering_ecumenical_altar_mist, minmay_cupped
D:2:      layout_rooms, minmay_box_of_dots
D:3:      layout_rooms, mainiacjoe_overflow_chevrons, fedhas_altar_fruit_tree,
          hangedman_abyss_or_decor_stabs, hex_intersection,
          mrwooster_statue_mirror

Skill      XL: |  1  2  3  4 |
---------------+-------------+-----
Dodging        | 2 |  2.1
Spellcasting   | 4 |  4.2
Conjurations   | 2 |  2.3
Fighting       | |  0.8
Short Blades   | |  0.7
Staves         | |  0.9
Stealth        | |  1.9
Summonings     | |  1.0
Translocations | |  0.8

Action                   |  1- 3 |  4- 6 || total
-------------------------+-------+-------++-------
Melee: Dagger            |    27 |       ||    27
       Short sword       |    23 |    28 ||    51
       Staff             |       |    16 ||    16
 Cast: Magic Dart        |    63 |    63 ||   126
Evoke: Wand              |       |     1 ||     1
  Use: Scroll            |     5 |     6 ||    11
       Potion            |       |     2 ||     2
Armor: Robe              |    17 |     5 ||    22
Dodge: Dodged            |    61 |    45 ||   106

Table legend: (Time is in decaauts)
 A = Elapsed time spent in this place.
 B = Non-inter-level travel time spent in this place.
 C = Inter-level travel time spent in this place.
 D = Time resting spent in this place.
 E = Time spent auto-exploring this place.
 F = Levels seen in this place.
 G = Mean time per level.
                   A        B        C        D        E       F      G
               +--------+--------+--------+--------+--------+-----+--------+
         Total |   3469 |   3444 |     25 |    606 |   2312 |   3 | 1156.3 |
       Dungeon |   3469 |   3444 |     25 |    606 |   2312 |   3 | 1156.3 |
               +--------+--------+--------+--------+--------+-----+--------+

Top non-repeatable levels by time:
     D:3: 1195 daAuts
     D:2: 1169 daAuts
     D:1: 1104 daAuts
